 Dungeon Sprint DCSS version 0.20.1-1-g8b1a95d (console) character file.

5523 bli the Fencer (level 10, -10/97 HPs)
             Began as a Barachi Fighter on Sept 5, 2017.
             Killed from afar by a deep elf knight (40 damage)
             ... with a shard of ice
             ... in the Dungeon (Sprint V: "Ziggurat Sprint").
             The game lasted 00:15:13 (1017 turns).

bli the Fencer (Barachi Fighter)                    Turns: 1017, Time: 00:15:13

Health: -10/97     AC: 35    Str: 24    XL:     10   Next: 70%
Magic:  10/10      EV:  3    Int:  8    God:
Gold:   0          SH: 31    Dex: 21    Spells: 9/9 levels left

rFire    . . .     SeeInvis .   U - +9 sword of Zonguldrok {reap}
rCold    . . .     Gourm    .   R - +18 shield of the Gong {rElec rN+ MR+ EV-5}
rNeg     + + .     Faith    .   Q - +15 Maxwell's patent armour {-Cast -Tele rElec MR+ rCorr}
rPois    .         Spirit   .   (no helmet)
rElec    +         Reflect  .   (no cloak)
rCorr    +         Harm     .   (no gloves)
MR       ++...     NoTele   +   X - +2 pair of boots {Fly} Stlth ..........NoCast +
                                n - amulet "Yjolan" {RegenMP rN+}
Regen    0.3/turn               J - +6 ring of dexterity
MPRegen  0.2/turn               N - +6 ring of strength

@: flying, slow
A: +LOS, swims, slowness 1, strong legs 1
a: Hop, Stop Flying


You were in the Dungeon.
You were hungry.

You visited 1 branch

Inventory:

Hand Weapons
 a - a +5 demon blade of venom
 r - a +5 double sword
 U - the +9 sword of Zonguldrok (weapon) {reap}
   (You found it in the Dungeon)

   If a monster killed with it leaves a corpse in good enough shape, the corpse
   will be animated as a zombie friendly to the killer.
Armour
 l - a +5 crystal plate armour
 m - +5 gold dragon scales
 o - +5 storm dragon scales
 p - a +3 buckler
 q - a +3 large shield
 Q - the +15 Maxwell's patent armour (worn) {-Cast -Tele rElec MR+ rCorr}
   (You found it in the Dungeon)

   It insulates you from electricity.
   It affects your resistance to hostile enchantments.
   It prevents spellcasting.
   It prevents most forms of teleportation.
   It protects you from acid and corrosion.
 R - the +18 shield of the Gong (worn) {rElec rN+ MR+ EV-5}
   (You found it in the Dungeon)

   It affects your evasion (-5).
   It insulates you from electricity.
   It protects you from negative energy.
   It affects your resistance to hostile enchantments.
 W - the +0 leather armour of Lugonu's Esteem {rC+ MP+9}
   (You found it in the Dungeon)

   It protects you from cold.
   It affects your magic capacity (+9).
 X - a +2 pair of boots of flying (worn)
Jewellery
 n - the amulet "Yjolan" (around neck) {RegenMP rN+}
   (You found it in the Dungeon)

   [amulet of magic regeneration]

   It increases your magic regeneration.
   It protects you from negative energy.
 J - a +6 ring of dexterity (left hand)
 K - a +6 ring of dexterity
 L - a +6 ring of intelligence
 M - a +6 ring of intelligence
 N - a +6 ring of strength (right hand)
 O - a +6 ring of strength
 P - an uncursed ring of flight
Wands
 F - a wand of disintegration (7/24)
 G - a wand of iceblast (5/15)
 H - a wand of lightning (5/15)
 I - a wand of acid (5/15)
Scrolls
 k - 4 scrolls of blinking
 t - 4 scrolls of amnesia
 u - 3 scrolls of recharging
 v - 7 scrolls of fog
 w - a scroll of holy word
 x - 5 scrolls of identify
 y - 5 scrolls of remove curse
 z - 2 scrolls of fear
 V - a scroll of brand weapon
Potions
 d - 6 potions of might
 e - 10 potions of curing
 g - 9 potions of heal wounds
 h - 6 potions of haste
 i - 7 potions of magic
 j - 3 potions of berserk rage
 A - 2 potions of brilliance
 B - 2 potions of invisibility
 C - 4 potions of resistance
 D - a potion of experience
 E - 5 potions of agility
Books
 Y - a book of Minor Magic

   Spells                             Type                      Level
   a - Magic Dart                     Conjuration                  1
   b - Blink                          Translocation                2
   c - Call Imp                       Summoning                    2
   d - Slow                           Hexes                        2
   e - Conjure Flame                  Conjuration/Fire             3
   f - Mephitic Cloud                 Conjuration/Poison/Air       3
Miscellaneous
 b - a sack of spiders
 S - a lightning rod (4/4)
 T - a fan of gales
Comestibles
 c - 42 fruits
 f - 5 bread rations
 s - 4 meat rations


   Skills:
 * Level 15.4 Fighting
 * Level 16.7 Long Blades
 * Level 14.4 Armour
 + Level 1.5 Dodging
 + Level 10.8 Shields


You had 9 spell levels left.
You didn't know any spells.

Dungeon Overview and Level Annotations

Branches:
Dungeon (1/1)

Altars:
Ashenzari
Cheibriados
Dithmenos
Elyvilon
Fedhas
Gozag
Hepliaklqana
Kikubaaqudgha
Makhleb
Nemelex Xobeh
Okawaru
Qazlal
Ru
Sif Muna
Trog
Uskayaw
Vehumet
Xom
Yredelemnul
Zin
The Shining One
Beogh
Jiyva
Lugonu

Annotations:
D 1 transporter


Innate Abilities, Weirdness & Mutations

Shadows flee at your approach. (+LOS)
You can swim through water.
You cover ground slowly.
You can hop short distances.


Message History

You block the air elemental's attack.
GONNNNG!
The deep elf archer shoots an arrow.
SHROANNG!
You block the arrow.
The deep elf knight gestures at you while chanting.
The shard of ice hits you!
You miss the deep elf knight.
The deep elf knight is moderately wounded.
The air elemental hits you but does no damage.
The deep elf knight points at you and mumbles some strange words.
You block the shard of ice.
GONNNNG!
The air elemental hits you.
The deep elf archer shoots an arrow.
The arrow hits you!!
* * * LOW HITPOINT WARNING * * *
You feel much better. You block the air elemental's attack.
BONNNG!
The deep elf knight casts a spell at you.
The shard of ice hits you!
You die...

▓.........▓.....).▓
▓▓▓▓▓▓▓▓▓▓▓▓▓▓▓▓▓▓▓
▓...8©8...▓
▓..)}):)..▓
▓...?}=)..▓
▓.......§.▓
▓.........▓
▓.........▓
▓.....eo.e▓
▓.▓...Ee▓.▓
▓....e(E@.▓
▓▓▓▓▓▓▓▓▓▓▓


You could see a deep elf archer, a deep elf knight, an earth elemental, 2 deep
elf magi, an air elemental, an orc sorcerer and a scimitar of draining.

Vanquished Creatures
  A sixfirhy (D)
  A large abomination (D)
  9 rime drakes (D)
  An ice devil (D)
  A polar bear (D)
  3 tarantellas (D)
  A fire elemental (D)
  An acid dragon (D)
  A phantom (D)
  2 necrophages (D)
  2 scorpions (D)
  A wight (D)
  A quasit (D)
  An orc priest (D)
  2 orc wizards (D)
  An iron imp (D)
  2 white imps (D)
  3 ufetubi (D)
  An adder simulacrum (D)
  An orc (D)
  2 bat zombies (D)
38 creatures vanquished.

Vanquished Creatures (collateral kills)
  A rime drake (D)
  A jumping spider (D)
  A tarantella (D)
  A naga (D)
  2 scorpions (D)
  2 adders (D)
8 creatures vanquished.

Grand Total: 46 creatures vanquished

Notes
Turn   | Place    | Note
-------+----------+-------------------------------------------
     0 | D        | bli the Barachi Fighter began the quest for the Orb.
     0 | D        | Reached XP level 1. HP: 18/18 MP: 1/1
     3 | D        | Found a viscous altar of Jiyva.
     3 | D        | Found a hazy altar of Hepliaklqana.
     3 | D        | Found a transporter.
     3 | D        | Found an opulent altar of Gozag.
     3 | D        | Found an ancient bone altar of Kikubaaqudgha.
     3 | D        | Found a corrupted altar of Lugonu.
    31 | D        | Found a burning altar of Makhleb.
    93 | D        | Entered arena 2.
    93 | D        | Noticed a polar bear
    93 | D        | Found a transporter.
   104 | D        | Killed a polar bear
   104 | D        | Reached skill level 5 in Long Blades
   104 | D        | Reached XP level 2. HP: 7/34 MP: 2/2
   104 | D        | Reached XP level 3. HP: 8/39 MP: 3/3
   104 | D        | Reached XP level 4. HP: 9/46 MP: 4/4
   104 | D        | Reached XP level 5. HP: 11/52 MP: 5/5
   343 | D        | Entered arena 3.
   343 | D        | Noticed a naga
   343 | D        | Found a transporter.
   346 | D        | Reached XP level 6. HP: 58/58 MP: 6/6
   349 | D        | Killed a naga
   349 | D        | Reached skill level 10 in Fighting
   349 | D        | Reached skill level 10 in Armour
   358 | D        | Entered arena 4.
   358 | D        | Noticed a tarantella
   358 | D        | Noticed a jumping spider
   358 | D        | Noticed a tarantella
   358 | D        | Found a transporter.
   362 | D        | Killed a tarantella
   362 | D        | Reached skill level 6 in Long Blades
   362 | D        | Reached skill level 1 in Dodging
   366 | D        | Killed a tarantella
   366 | D        | Reached skill level 7 in Long Blades
   366 | D        | Reached XP level 7. HP: 38/67 MP: 7/7
   366 | D        | Killed a jumping spider
   368 | D        | Reached skill level 8 in Long Blades
   376 | D        | Got the +0 leather armour of Lugonu's Esteem {rC+ MP+9}
   510 | D        | Entered arena 5.
   510 | D        | Found a transporter.
   517 | D        | Reached XP level 8. HP: 76/76 MP: 8/8
   528 | D        | Identified the Catalogue of Shifting Malediction (You found it in the Dungeon)
   529 | D        | Entered arena 6.
   529 | D        | Noticed a tarantella
   529 | D        | Noticed a tarantella
   529 | D        | Found a transporter.
   533 | D        | Killed a tarantella
   533 | D        | Reached skill level 9 in Long Blades
   535 | D        | Killed a tarantella
   543 | D        | Reached skill level 10 in Long Blades
   557 | D        | Entered arena 7.
   557 | D        | Noticed a rime drake
   557 | D        | Noticed a rime drake
   557 | D        | Noticed an ice devil
   557 | D        | Noticed a rime drake
   557 | D        | Noticed a rime drake
   557 | D        | Found a transporter.
   566 | D        | Killed an ice devil
   569 | D        | Killed a rime drake
   569 | D        | Reached skill level 11 in Long Blades
   569 | D        | Reached XP level 9. HP: 52/85 MP: 9/9
   575 | D        | Killed a rime drake
   575 | D        | Reached skill level 12 in Long Blades
   576 | D        | Killed a rime drake
   578 | D        | Killed a rime drake
   578 | D        | Reached skill level 13 in Long Blades
   745 | D        | Entered arena 8.
   745 | D        | Found a transporter.
   775 | D        | Got the cursed +0 leather armour "Waagei" {MR+}
   789 | D        | Entered arena 9.
   789 | D        | Noticed a rime drake
   789 | D        | Noticed a rime drake
   789 | D        | Noticed a rime drake
   789 | D        | Noticed a rime drake
   789 | D        | Noticed a rime drake
   789 | D        | Noticed a rime drake
   789 | D        | Found a transporter.
   796 | D        | Killed a rime drake
   796 | D        | Reached skill level 14 in Long Blades
   799 | D        | Killed a rime drake
   808 | D        | Killed a rime drake
   808 | D        | Reached XP level 10. HP: 79/94 MP: 10/10
   810 | D        | Reached skill level 15 in Long Blades
   816 | D        | Reached skill level 10 in Shields
   934 | D        | Entered arena 10.
   934 | D        | Noticed a sixfirhy
   934 | D        | Noticed a large abomination
   934 | D        | Found a transporter.
   944 | D        | Killed a sixfirhy
   944 | D        | Reached skill level 15 in Fighting
   944 | D        | Reached skill level 16 in Long Blades
   958 | D        | Killed a large abomination
   976 | D        | Got the amulet "Yjolan" {RegenMP rN+}
  1001 | D        | Identified the Reference Book on the Voyage (You found it in the Dungeon)
  1003 | D        | Entered arena 11.
  1003 | D        | Noticed a deep elf knight
  1003 | D        | Noticed an orc sorcerer
  1003 | D        | Noticed a deep elf mage
  1003 | D        | Noticed a deep elf mage
  1003 | D        | Noticed a scimitar of draining
  1003 | D        | Noticed a deep elf archer
  1003 | D        | Found a transporter.
  1009 | D        | Noticed a rust devil
  1017 | D        | Killed from afar by a deep elf knight

Skill      XL: |  1  2  3  4  5  6  7  8  9 10 |
---------------+-------------------------------+-----
Fighting       | 9 10 11 13 14 15 | 15.4
Armour         | 9 11 12 13 14 | 14.4
Long Blades    | 5 7 8 11 14 16 | 16.7
Shields        | 6 7 8 9 10 | 10.8
Dodging        | 1 |  1.5

Action                   |  1- 3 |  4- 6 |  7- 9 | 10-12 || total
-------------------------+-------+-------+-------+-------++-------
Melee: Double sword      |    10 |    10 |    64 |    42 ||   126
  Use: Potion            |       |       |       |     1 ||     1
 Stab: Distracted        |       |       |     1 |       ||     1
Armor: Plate armour      |    19 |    17 |    46 |    22 ||   104
Dodge: Dodged            |     6 |     9 |    16 |     1 ||    32
Block: Buckler           |     9 |     4 |    35 |       ||    48
       Shield            |       |       |    22 |    87 ||   109
       Rpst.: Double sword |     1 |     3 |     5 |     1 ||    10
